[Event "Chinese League Div-A Rapid 2022"]
[Site "Fuling,Chongqing"]
[Date "2022.09.12"]
[Round "6.25"]
[White "Zhang, Xiao"]
[Black "Shao, Qiyu"]
[Result "0-1"]
[ECO "D93"]
[WhiteElo "2073"]
[BlackElo "1467"]
[Annotator "NA RC"]
[PlyCount "128"]
[EventDate "2022.09.07"]
[EventType "team-tourn"]
[EventCountry "CHN"]
[SourceTitle "playchess.com"]
[Source "ChessBase"]
[SourceQuality "1"]
[TimeControl "1500+10"]

1. d4 Nf6 2. c4 g6 3. Nc3 d5 4. Nf3 Bg7 5. Bf4 O-O 6. Rc1 c6 7. e3 Bg4 8. Qb3 Qb6 9. Qxb6 axb6 10. cxd5 cxd5 11. Ne5 Bf5 12. Be2 Nc6 13. O-O Rfd8 14. Rfd1 h6 15. Bb5 g5 16. Bg3 Ne4 17. Nxc6 bxc6 18. Bxc6 Nxc3 19. Bxa8 Nxd1 20. Bb7 Nxb2 21. Bc7 Rf8 22. Bxd5 e6 23. Bb7 b5 24. Rc3 Bf6 25. Rb3 Nc4 26. Rxb5 Bd8 27. Bg3 Be7 28. a4 Bd6 29. e4 Bxg3 30. hxg3 Nd6 31. exf5 Nxb5 32. axb5 Rb8 33. Bc6 exf5 34. Kf1 Kf8 35. Ke2 Ke7 36. Kd3 Kd6 37. Kc4 h5 38. Kb4 h4 39. gxh4 gxh4 40. Ka5 Kc7 41. d5 f4 42. f3 Rg8 43. b6+ Kb8 44. d6 Rxg2 45. d7 Rd2 46. Kb5 h3 47. Kc5 Rxd7 48. Bxd7 h2 49. Bc6 h1=Q 50. b7 Kc7 51. Be4 Qh6 52. Kd4 Qf6+ 53. Kc4 Qd6 54. Bd5 f5 55. Kd4 Kb6 56. Kc3 Kc5 57. Be6 Qd4+ 58. Kc2 Qa4+ 59. Kc1 Qb4 60. Bc8 Kd4 61. Bxf5 Qxb7 62. Bg4 Kc3 63. Kd1 Qe7 64. Bf5 Qe3 0-1

[Event "Chinese League Div-A Rapid 2022"]
[Site "Fuling,Chongqing"]
[Date "2022.09.12"]
[Round "6.26"]
[White "Peng, Hongchi"]
[Black "Xue, Haowen"]
[Result "1-0"]
[ECO "D30"]
[WhiteElo "2375"]
[BlackElo "2128"]
[Annotator "TA"]
[PlyCount "139"]
[EventDate "2022.09.07"]
[EventType "team-tourn"]
[EventCountry "CHN"]
[SourceTitle "playchess.com"]
[Source "ChessBase"]
[SourceQuality "1"]
[TimeControl "1500+10"]

1. d4 Nf6 2. c4 e6 3. Nf3 d5 4. Qc2 Nbd7 5. Bf4 {[%emt 0:00:06] [#]} Bb4+ $146 ({Predecessor:} 5... c5 6. dxc5 Bxc5 7. e3 a6 8. Nbd2 dxc4 9. Bxc4 b5 10. Be2 Bb7 11. O-O Rc8 12. Qd1 {0-1 (57) Peng,H (2256)-Chen,Q (2412) Jiangmen 2018}) 6. Nbd2 {[%emt 0:00:15] D30: Queen's Gambit Declined: Systems without Nc3.} O-O 7. e3 (7. cxd5 $14 {is superior.} Nxd5 8. Bg3) 7... c5 $11 8. a3 {[%emt 0:01:35] The position is equal.} Bxd2+ 9. Qxd2 Ne4 10. Qc2 Qa5+ 11. Nd2 $1 Nxd2 (11... Qxd2+ {is more complex.} 12. Qxd2 Nxd2 13. Kxd2 cxd4 14. exd4 dxc4 15. Bxc4 Nb6) 12. Qxd2 Qxd2+ 13. Kxd2 dxc4 (13... cxd4 $11 14. exd4 dxc4) 14. dxc5 (14. Bd6 $1 $14) 14... Nxc5 {[%emt 0:00:04] Threatens to win with ...Nb3+.} 15. Bxc4 b5 16. Ba2 Bb7 17. f3 Rac8 18. Rhd1 (18. e4 {is interesting.} Na4 19. Be5 Nb6 20. Rac1) 18... Bd5 19. Bxd5 exd5 20. Rab1 Nb3+ 21. Kd3 (21. Ke1 $11) 21... Rfe8 $17 22. Bg3 Rc4 23. Be1 a5 24. Bc3 b4 25. axb4 axb4 26. Be1 f5 (26... h6 $15) 27. Bf2 $2 (27. Ke2 $11) 27... Kf7 (27... Rec8 $142 {And now ...Rc2 would win.} 28. Ke2 d4) 28. h3 (28. e4 $17) 28... Rec8 $1 $19 29. g4 (29. Ke2 $142) 29... Rc2 30. Be1 Nc1+ (30... fxg4 $2 31. hxg4 R8c4 32. e4 $19) 31. Kd4 Ke6 (31... fxg4 $142 {...Ke6 is the strong threat.} 32. Ke5 gxf3) 32. gxf5+ Kxf5 33. e4+ dxe4 34. fxe4+ Kf4 (34... Ke6 $1 $19 {has better winning chances. Hoping for ...Rd8+.} 35. Bh4 (35. Ke3 $2 Re2+ 36. Kf4 Rf8+ 37. Kg3 Re3+ 38. Kg2 Nd3 $19) 35... R8c7) 35. Bh4 $17 {[%emt 0:00:50] Against Rd8+. Rf1+ would kill now.} ({Avoid the trap} 35. Bd2+ $2 Rxd2+ $1 36. Rxd2 Nb3+ 37. Kd3 Rd8+ 38. Kc2 Nxd2 $19) 35... Nb3+ 36. Kd3 Ke5 ({Better is} 36... R8c4 $1 $17 37. Rf1+ Ke5 38. Bg3+ Ke6) 37. Bg3+ Ke6 38. Ke3 R8c6 (38... Na5 $5 39. Rd6+ Ke7 $15) 39. Rd5 Rg2 40. Re5+ Kf7 41. Kf3 (41. Rf5+ $11 Kg6 42. Be1) 41... Rcc2 (41... Rgc2 $1 $15 42. Kg4 Rg6+ 43. Kf4 Nd4) 42. Rf1 {[%emt 0:00:08] Dancing on a razor blade.} h6 (42... Rxb2 $2 43. Kg4+ Rgf2 44. Rxf2+ $18) 43. Kg4+ Kg6 44. Re6+ Kh7 45. Rf7 {[%emt 0:00:18] aiming for Ree7.} Rc5 {[%emt 0:00:22] [#]} (45... Rxb2 $2 46. Ree7 h5+ 47. Kh4 Rxg3 48. Kxg3 $18) (45... Kg8 $11 {keeps the balance.} 46. Ree7 h5+ 47. Kh4 g5+ 48. Kxh5 Rxg3 49. Rg7+ Kh8 50. Rh7+ Kg8 51. Rhg7+ Kh8 52. Rh7+ Kg8 53. Rhg7+) 46. h4 $1 $16 {[%emt 0:00:15] Black must now prevent Ree7. White is more active.} Rxb2 $2 (46... Nc1 $16) 47. Ree7 $18 h5+ {[%emt 0:00:05] [#]} 48. Kh3 $1 Kg6 (48... Rd2 $18 49. Rxg7+ Kh8 50. Rh7+ Kg8 51. Reg7+ Kf8 52. Ra7 Kg8 53. Rhb7 Rd8) 49. Rxg7+ Kf6 50. Rgf7+ (50. Ref7+ $142 Ke6 51. Rb7 Kf6 52. Rgf7+ Kg6 53. Rfd7 Rf2 54. Bxf2 Rf5 55. Rg7+ Kf6 56. Rgf7+ Ke5 57. exf5) 50... Kg6 51. Rg7+ (51. Rb7 $18 Nd2 52. Rg7+ Kf6 53. Rgd7 Nxe4 54. Rb6+ Kf5 55. Rf7+ Nf6 56. Rfxf6+ Ke4 57. Rf4+ Ke3 58. Rfxb4 Rxb4 59. Rxb4) 51... Kf6 52. Ref7+ Ke6 53. Rb7 Kf6 54. Rgd7 Rc6 55. Rh7 Kg6 56. Be5 Rc3+ 57. Bxc3 bxc3 {[%emt 0:00:01][%mdl 4096] Endgame KRR-KRN} 58. Rhc7 Nd4 59. Rxb2 {[%emt 0:00:09] White mates.} cxb2 {[%emt 0:00:02] KR-KN} 60. Rb7 Ne2 61. Rxb2 Nc3 62. Rb6+ Kg7 63. e5 Nd5 64. Rb5 Nf4+ 65. Kg3 Ng6 66. Rb7+ Kf8 67. e6 Kg8 68. Kf3 Kf8 69. Ke4 Nxh4 70. Ke5 {[%emt 0:00:04] White used his chance.  Weighted Error Value: White=0.48/Black=0.56} 1-0

[Event "Chinese League Div-A Rapid 2022"]
[Site "Fuling,Chongqing"]
[Date "2022.09.12"]
[Round "6.27"]
[White "Li, Chao b"]
[Black "Wen, Yang"]
[Result "1/2-1/2"]
[ECO "B23"]
[WhiteElo "2679"]
[BlackElo "2588"]
[Annotator "TA"]
[PlyCount "38"]
[EventDate "2022.09.07"]
[EventType "team-tourn"]
[EventCountry "CHN"]
[SourceTitle "playchess.com"]
[Source "ChessBase"]
[SourceQuality "1"]
[TimeControl "1500+10"]

1. e4 c5 2. Nc3 d6 3. d4 cxd4 4. Qxd4 Nc6 5. Qd2 e6 6. b3 {[%emt 0:00:05] B23: Closed Sicilian: Lines without g3.} d5 ({Black should try} 6... Be7 $11) 7. exd5 $14 exd5 {[%emt 0:00:00] [#]} 8. Qxd5 $146 {[%emt 0:00:35] White is slightly better.} (8. Nxd5 $5 Nf6 9. Ne3 $14) ({Predecessor:} 8. a3 Nf6 9. Bb2 d4 10. Nce2 Bc5 11. Nf3 O-O 12. Nexd4 Ne4 13. Qd3 Qa5+ 14. b4 Nxb4 15. axb4 Qxb4+ 16. Bc3 Nxc3 17. Be2 Re8 18. O-O Bxd4 19. Nxd4 Qxd4 {0-1 (19) Yang,K (2481)-Matlakov,M (2674) Chess.com INT 2022}) 8... Qf6 9. Bb2 (9. Qd2 $14 {deserves consideration.}) 9... Ba3 $1 $11 {[%emt 0:00:00] The position is equal.} 10. O-O-O Qxc3 $1 11. Bxa3 {[%emt 0:00:03] [#] Threatens to win with Bb2. The board is on fire.} Nf6 $1 12. Qc4 Qa1+ 13. Kd2 Qxa2 (13... Qe5 $2 14. Re1 Be6 {[#]} 15. Qxc6+ $3 bxc6 16. Rxe5 $18) 14. Re1+ Be6 15. Rxe6+ fxe6 16. Qxe6+ Kd8 17. Qd6+ Ke8 18. Qe6+ Kd8 19. Qd6+ Ke8 {[%emt 0:00:04] Weighted Error Value: White=0.08 (flawless) /Black=0.10 (very precise)} 1/2-1/2

[Event "Chinese League Div-A Rapid 2022"]
[Site "Fuling,Chongqing"]
[Date "2022.09.12"]
[Round "6.28"]
[White "Zhang, Di"]
[Black "Xu, Yinglun"]
[Result "1/2-1/2"]
[ECO "B40"]
[WhiteElo "2108"]
[BlackElo "2549"]
[Annotator "TA"]
[PlyCount "56"]
[EventDate "2022.09.07"]
[EventType "team-tourn"]
[EventCountry "CHN"]
[SourceTitle "playchess.com"]
[Source "ChessBase"]
[SourceQuality "1"]
[TimeControl "1500+10"]

1. e4 e6 2. Nf3 d5 3. e5 c5 4. c3 Nc6 5. Na3 d4 (5... f6 $5 ) 6. Bd3 {[%emt 0:00:05] B40: Sicilian: 2...e6, Unusual lines.} Nge7 7. O-O Ng6 8. Re1 Be7 9. Nc4 O-O 10. Be4 {[%emt 0:00:10] [#]} Bd7 $146 ({Predecessor:} 10... Qc7 11. a4 Rd8 12. d3 b6 13. h4 Bb7 14. h5 Nf8 15. h6 g6 16. Bg5 a6 {1-0 (29) Tregubov,P (2546)-Koziol,K (2276) Chess.com INT 2021}) 11. a4 Rb8 12. d3 b6 13. g3 {[%emt 0:05:53] With the idea h4.} a6 $1 14. h4 b5 15. axb5 axb5 16. h5 bxc4 17. hxg6 fxg6 18. dxc4 dxc3 19. bxc3 Qc7 {[%emt 0:00:02] The position is equal.} 20. Bf4 Nd8 21. Bg5 Bc6 22. Bxe7 Qxe7 23. Qe2 Bxe4 24. Qxe4 Nf7 25. Re2 Rb3 26. Rea2 Qb7 27. Qxb7 Rxb7 28. Rc2 g5 {[%emt 0:00:12] Weighted Error Value: White=0.05 (flawless) /Black=0.04 (flawless)} 1/2-1/2

[Event "Chinese League Div-A Rapid 2022"]
[Site "Fuling,Chongqing"]
[Date "2022.09.12"]
[Round "6.29"]
[White "Li, Xueyi"]
[Black "Wang, Yu A."]
[Result "0-1"]
[ECO "A46"]
[WhiteElo "2280"]
[BlackElo "2271"]
[Annotator "NA RC"]
[PlyCount "84"]
[EventDate "2022.09.07"]
[EventType "team-tourn"]
[EventCountry "CHN"]
[SourceTitle "playchess.com"]
[Source "ChessBase"]
[SourceQuality "1"]
[TimeControl "1500+10"]

1. d4 Nf6 2. Nf3 d5 3. g3 e6 4. Bg2 b5 5. a4 b4 6. O-O Bb7 7. c4 Be7 8. cxd5 Bxd5 9. Nbd2 O-O 10. Qc2 a5 11. e4 Bb7 12. e5 Nd5 13. Ne4 h6 14. Bd2 Nd7 15. Rac1 c5 16. Nxc5 Nxc5 17. dxc5 Rc8 18. Qe4 Bxc5 19. Qg4 f5 20. Qg6 Qe8 21. Qxe8 Rfxe8 22. Rfd1 Bb6 23. Be1 Rxc1 24. Rxc1 Rc8 25. Rxc8+ Bxc8 26. Bf1 Bd7 27. b3 g5 28. Bd2 Bc7 29. h3 Kf7 30. g4 Ne7 31. Bc1 Ng6 32. Bb2 fxg4 33. hxg4 Bc6 34. Nd2 Bxe5 35. Bc1 Bf4 36. Be2 Bd5 37. Kf1 Bxd2 38. Bxd2 Bxb3 39. Bb5 Nf4 40. Be3 Nd5 41. Bd4 Nc3 42. Bb6 Bxa4 0-1

[Event "Chinese League Div-A Rapid 2022"]
[Site "Fuling,Chongqing"]
[Date "2022.09.12"]
[Round "6.30"]
[White "Song, Yuxin"]
[Black "Li, Ruofan"]
[Result "1/2-1/2"]
[ECO "C93"]
[WhiteElo "2317"]
[BlackElo "2302"]
[Annotator "TA"]
[PlyCount "130"]
[EventDate "2022.09.07"]
[EventType "team-tourn"]
[EventCountry "CHN"]
[SourceTitle "playchess.com"]
[Source "ChessBase"]
[SourceQuality "1"]
[TimeControl "1500+10"]

1. e4 e5 2. Nf3 Nc6 3. Bb5 a6 4. Ba4 Nf6 5. O-O Be7 6. Re1 b5 7. Bb3 d6 8. c3 O-O 9. h3 Bb7 10. d4 Re8 11. Ng5 Rf8 12. Nf3 Re8 13. Ng5 Rf8 14. Nf3 Re8 15. Nbd2 Bf8 16. a3 h6 17. Bc2 Nb8 18. b4 {[%emt 0:00:24] 18.a4 is the modern continuation.} a5 19. Bb2 Nbd7 20. Bd3 {[%emt 0:05:44] C93: Closed Ruy Lopez: Smyslov Variation.} c6 {[%emt 0:01:27] [#]} 21. Qb3 $146 ({Predecessor:} 21. Nb3 axb4 22. cxb4 exd4 23. Nfxd4 c5 24. Nxb5 Nxe4 25. Na5 Rxa5 26. bxa5 Ndf6 27. Bxf6 Qxf6 28. Qc2 d5 29. Nc7 Re7 30. a6 Rxc7 31. axb7 Rxb7 32. Bxe4 Rb2 33. Bh7+ Kh8 34. Qf5 {1-0 (30) Robson,R (2670)-Gozzoli,Y (2604) chess24.com INT 2020}) 21... Qc7 22. Rac1 {[%emt 0:02:32] White has an edge.} axb4 23. axb4 Nb6 24. dxe5 dxe5 25. c4 bxc4 26. Nxc4 Nxc4 27. Bxc4 Rab8 28. Qa4 (28. Bc3 $14) 28... Nd7 ({Black should try} 28... Ra8 $11 29. Qb3 Rab8) 29. Qb3 {[%emt 0:00:55] White is much more active.} (29. Red1 $14) 29... Nb6 30. Bf1 Bc8 31. b5 c5 32. Nd2 Be6 33. Nc4 (33. Qg3 $11 f6 34. Bd4) 33... Nxc4 $15 34. Bxc4 Bxc4 35. Qxc4 Qb6 36. Ba3 Qa5 $1 37. Re3 Rxb5 38. Rf3 Rb7 39. Qd5 Qb5 (39... Rc7 $15) 40. Rfc3 (40. Bxc5 $11 {keeps the balance.} Rd7 41. Qb3) 40... Rd7 $17 41. Qc4 Qxc4 (41... Qc6 {is interesting.} 42. Bxc5 Bxc5 43. Qxc5 Qxe4 44. Re3 Qf5) 42. Rxc4 Rc8 43. Kf1 ({Avoid the trap} 43. Bxc5 $2 Rdc7 44. Bxf8 Rxc4 45. Rxc4 Rxc4 $19) 43... f6 44. Ke2 ({Don't blunder} 44. Bxc5 $2 Rdc7 45. g4 Bxc5 $19) 44... Kf7 45. R4c3 Rdc7 46. Rc4 Ke6 47. Kd3 (47. Ra4 $15) 47... Be7 48. f3 Rd8+ 49. Ke2 h5 50. R4c3 Rdc8 51. Rc4 h4 ({Black should play} 51... Ra7 $17 52. R4c3 Ra5) 52. Kd3 ({Better is} 52. Bb4 $15) 52... Rd8+ 53. Ke2 g5 54. R4c3 Rdc8 $1 55. Rc4 Rc6 (55... Ra7 $17 56. R1c3 Bd6) 56. Kd3 (56. Bb4 $15) 56... Rd8+ 57. Ke2 Rd4 58. R4c2 c4 (58... Rd7 $1 $15) 59. Bb2 $11 {[%emt 0:00:03] The position is equal.} Rd7 60. Rxc4 Rxc4 61. Rxc4 {[%emt 0:00:01] KRB-KRB} Rb7 62. Rc6+ Kd7 63. Rc2 Rb3 64. Bc1 Bb4 65. Bd2 Bxd2 {[%emt 0:00:17] Weighted Error Value: White=0.20 (precise) /Black=0.16 (very precise)} 1/2-1/2

[Event "Chinese League Div-A Rapid 2022"]
[Site "Fuling,Chongqing"]
[Date "2022.09.14"]
[Round "7.1"]
[White "Ni, Hua"]
[Black "Li, Chao b"]
[Result "1/2-1/2"]
[ECO "C42"]
[WhiteElo "2668"]
[BlackElo "2679"]
[Annotator "TA"]
[PlyCount "46"]
[EventDate "2022.09.07"]
[EventType "team-tourn"]
[EventCountry "CHN"]
[SourceTitle "playchess.com"]
[Source "ChessBase"]
[SourceQuality "1"]
[TimeControl "1500+10"]

1. e4 e5 2. Nf3 Nf6 3. Nxe5 d6 4. Nf3 Nxe4 5. Nc3 Nxc3 6. dxc3 Nc6 7. Be3 Be7 8. Qd2 Be6 {[%emt 0:00:03] 8...Bf5 gains popularity.} 9. O-O-O {[%emt 0:00:03] C42: Petroff Defence: 3 Nxe5 and unusual White 3rd moves.} Qd7 (9... Bxa2 $2 10. b3 $18) 10. Kb1 a6 11. Ng5 {[%emt 0:00:06] White is slightly better.} Bxg5 {[%emt 0:00:07] The position is equal.} 12. Bxg5 f6 13. Be3 O-O-O 14. f3 Rde8 15. Bf2 h5 {[%emt 0:00:08] [#]} 16. h4 $146 ({Predecessor:} 16. b3 h4 17. h3 Bf5 18. Bc4 g5 19. Rhe1 Rxe1 20. Rxe1 Re8 21. f4 Rxe1+ 22. Bxe1 {1-0 (40) Pap,M (2491)-Estremera Panos,S (2362) Pontevedra 2017}) 16... Re7 17. Re1 Rhe8 18. Bd3 Bf5 19. Rxe7 Rxe7 20. Bc4 Be6 21. Bd3 Bf5 22. Bc4 Be6 23. Bd3 Bf5 {[%emt 0:00:11] Not much happened in this game.  Weighted Error Value: White=0.06 (flawless) /Black=0.04 (flawless)} 1/2-1/2

[Event "Chinese League Div-A Rapid 2022"]
[Site "Fuling,Chongqing"]
[Date "2022.09.14"]
[Round "7.2"]
[White "Zhang, Zhong"]
[Black "Zhang, Di"]
[Result "1/2-1/2"]
[ECO "D40"]
[WhiteElo "2617"]
[BlackElo "2108"]
[Annotator "TA"]
[PlyCount "175"]
[EventDate "2022.09.07"]
[EventType "team-tourn"]
[EventCountry "CHN"]
[SourceTitle "playchess.com"]
[Source "ChessBase"]
[SourceQuality "1"]
[TimeControl "1500+10"]

1. e4 c5 2. Nf3 e6 3. c3 d5 4. exd5 Qxd5 5. d4 Nc6 6. Be2 cxd4 7. cxd4 Nf6 8. O-O Be7 9. Nc3 Qd8 10. a3 O-O 11. Bc4 Re8 {[%emt 0:06:07] D40: Queen's Gambit Declined: Semi-Tarrasch with 5 e3.} 12. Re1 h6 13. Bf4 {[%emt 0:01:54] [#]} Bf8 $146 {[%emt 0:02:06] White is slightly better.} ({Predecessor:} 13... a6 14. Qd3 b5 15. Bb3 Na5 16. Bc2 Bb7 17. Ne5 Rf8 18. Ng4 Re8 19. Rxe6 Qd7 20. Nxf6+ {1-0 (19) Seymour,T (2043)-See,T (1928) Nottingham 2018}) 14. Rc1 Ne7 15. Ba2 Ned5 16. Bg3 b6 17. Nxd5 Nxd5 18. Ne5 Bb7 19. Qd3 Qf6 20. Bb1 g6 21. Qd2 Bg7 22. h4 h5 23. Be4 Rac8 24. Rcd1 Red8 25. Qe2 Bh6 26. Nf3 Bf4 27. Ne5 $1 Rc7 28. Qf3 {[%emt 0:00:21] Hoping for Bxf4.} Bxg3 29. Qxg3 {[%emt 0:00:27][%cal Re5g6] Nxg6! is the strong threat.} Qf4 30. Qxf4 (30. Qg5 {feels hotter.} Rdc8 31. f3 Kf8 32. g3) 30... Nxf4 31. Bxb7 Rxb7 32. g3 Nd5 33. Rc1 Ne7 34. Rc4 (34. Red1 $15) 34... b5 $1 $17 35. Rc5 Rxd4 36. Rec1 Nd5 {[%emt 0:00:48] Against Rc7} 37. R1c2 Kg7 38. Kg2 b4 39. Nc6 {[%emt 0:00:05] [#]} bxa3 $1 40. bxa3 ({Much weaker is} 40. Nxd4 axb2 41. Rxb2 Rxb2 $19) 40... Ra4 41. Na5 Rd7 42. Nc4 Kf6 43. Rb2 Ne7 ({Black should play} 43... Rc7 $17 44. Rxc7 Nxc7) 44. Rb3 (44. Ne5 $1 $11 Rd5 45. Rc7) 44... Nf5 45. Rb4 Ra6 46. a4 (46. Rb8 $142) 46... Nd6 (46... Rd4 $142 47. Kh2 Nd6) 47. Ne5 {[%emt 0:00:12] [#]} Rb7 (47... Re7 $1 $17) 48. Rf4+ (48. Rxb7 $1 $11 {keeps the balance.} Nxb7 49. Nd7+ Kg7 50. Rc7) 48... Nf5 49. a5 {[%emt 0:00:16] [#]} Rd6 $1 50. Nc4 Rdd7 51. Ne3 Rdc7 52. Rxc7 Rxc7 53. Nxf5 gxf5 {[%emt 0:00:02][%mdl 4096] Endgame KR-KR} 54. a6 Rc6 55. Ra4 Ke7 56. Kf3 Rc3+ 57. Ke2 Rc6 58. Kf3 $1 Kf6 (58... Rd6 $17 59. Kf4 f6) 59. Ra5 (59. Kg2 $1 $11 {was the only way to keep the balance.}) 59... Rc4 60. Ke3 Rc3+ 61. Ke2 Rb3 62. Rc5 Rb6 63. Ra5 e5 64. Ke3 Ke6 65. Kd3 Rb2 66. Ke3 Kd6 67. Ra3 Ke6 68. Ra5 Rb4 69. Ra3 (69. Rc5 $17) 69... f4+ $19 70. Kf3 fxg3 71. Kxg3 Kf5 72. f3 f6 73. Ra5 Rb3 74. Ra4 (74. Kf2 $17) 74... Rd3 75. Ra5 Rb3 76. Ra4 $1 Rb1 77. Rc4 Rb6 78. Ra4 Ke6 79. Ra5 f5 80. Ra3 Kf6 81. Ra5 Ke6 (81... Rd6 $17 82. Ra2 Ke6) 82. Ra2 (82. Ra3 $1 $11) 82... Rb3 {[%emt 0:00:05] aiming for ...e4.} 83. Kf2 Rb4 84. Rc2 Rxh4 (84... Rb6 $142 85. Ra2 Rc6) 85. Rc7 $17 Rh2+ (85... Kf6 $17 {And now ...Ra4 would win.} 86. Rxa7 Ra4) 86. Kg3 $11 {[%emt 0:00:20] The position is equal.} Ra2 87. Rxa7 Ra3 88. Ra8 {[%emt 0:00:18] Weighted Error Value: White=0.18 (very precise) /Black=0.14 (very precise)} 1/2-1/2

[Event "Chinese League Div-A Rapid 2022"]
[Site "Fuling,Chongqing"]
[Date "2022.09.14"]
[Round "7.3"]
[White "Xu, Yi"]
[Black "Li, Haoyu"]
[Result "1/2-1/2"]
[ECO "C42"]
[WhiteElo "2507"]
[BlackElo "2369"]
[Annotator "RC"]
[PlyCount "39"]
[EventDate "2022.09.07"]
[EventType "team-tourn"]
[EventCountry "CHN"]
[SourceTitle "playchess.com"]
[Source "ChessBase"]
[SourceQuality "1"]
[TimeControl "1500+10"]

1. e4 e5 2. Nf3 Nf6 3. Nxe5 Nxe4 4. Qe2 Qe7 5. Qxe4 d6 6. d4 dxe5 7. dxe5 Nc6 8. Nc3 Qxe5 9. Qxe5+ Nxe5 10. Bf4 Bd6 11. Bg3 f6 12. O-O-O Bd7 13. Nb5 Bxb5 14. Bxb5+ Kf7 15. Rhe1 Rhd8 16. f3 g5 17. Kb1 h5 18. f4 gxf4 19. Bxf4 Nf3 20. gxf3 1/2-1/2

[Event "Chinese League Div-A Rapid 2022"]
[Site "Fuling,Chongqing"]
[Date "2022.09.14"]
[Round "7.4"]
[White "Wang, Yu A."]
[Black "Ju, Wenjun"]
[Result "0-1"]
[ECO "B33"]
[WhiteElo "2271"]
[BlackElo "2560"]
[Annotator "TA"]
[PlyCount "74"]
[EventDate "2022.09.07"]
[EventType "team-tourn"]
[EventCountry "CHN"]
[SourceTitle "playchess.com"]
[Source "ChessBase"]
[SourceQuality "1"]
[TimeControl "1500+10"]

1. e4 c5 2. Nf3 Nc6 3. d4 cxd4 4. Nxd4 Nf6 5. Nc3 e5 6. Ndb5 d6 7. Bg5 a6 8. Na3 b5 9. Nd5 Be7 10. Bxf6 Bxf6 11. c4 b4 $1 {[%emt 0:00:11] B33: Sicilian: Pelikan and Sveshnikov Variations.} 12. Nc2 O-O $1 {[%emt 0:00:49][%mdl 4] is more profitable than 12...a5 at the moment.} 13. g3 a5 {[%emt 0:00:36] The position is equal.} 14. Bg2 Be6 15. O-O Rc8 16. b3 Bxd5 17. Qxd5 Nd4 18. Nxd4 exd4 {[%emt 0:00:03][%cal Be5d4,Bd4d3,Bd3d2][%mdl 32] [#]} 19. a3 $146 ({Predecessor:} 19. Qh5 g6 20. Qd1 Bg7 21. Qd3 Qd7 22. h4 Rc5 23. Rae1 a4 24. f4 Ra5 25. Kh2 {½-½ (36) Predojevic,B (2569)-Wang,Y (2626) Lausanne 2006}) 19... Rc5 20. Qb7 d3 $36 {[%emt 0:00:47][%mdl 2048] Black is pushing.} 21. Ra2 {[%emt 0:06:34] [#] White is now going downhill.} (21. axb4 $15 Rc7 22. Qd5 Bxa1 23. Rxa1) 21... Bc3 $1 $17 22. axb4 Bxb4 23. f4 d2 24. Bf3 Qf6 25. e5 $2 (25. Kg2) 25... dxe5 $19 26. Bd5 $2 (26. Qe4 {is a better defense.}) 26... e4 {[%emt 0:02:28] [#] And now ...Qd4+ would win.} 27. Raa1 e3 (27... Qd4+ $142 28. Kg2 e3) 28. Bf3 Qc3 29. Be2 {[%emt 0:01:08] Against Qd3} Qxb3 {[%emt 0:00:34] Black is clearly winning.} 30. f5 Qc3 {[%emt 0:00:22][%cal Oc5f5] ...Rxf5! is the strong threat.} 31. f6 g6 {[%emt 0:00:24] Hoping for ...Rf5.} 32. Qd7 Rfc8 33. Rad1 Rxc4 {[%emt 0:01:13][%cal Oc3e5] Threatens to win with ...Qe5!} 34. Bf3 R4c7 35. Qh3 e2 36. Bxe2 Qe3+ 37. Rf2 Bc5 {[%emt 0:00:08][%csl LRe2,LRf2] Weighted Error Value: White=0.79/Black=0.16 (very precise)} 0-1

[Event "Chinese League Div-A Rapid 2022"]
[Site "Fuling,Chongqing"]
[Date "2022.09.14"]
[Round "7.5"]
[White "Li, Ruofan"]
[Black "Ning, Kaiyu"]
[Result "0-1"]
[ECO "D35"]
[WhiteElo "2302"]
[BlackElo "2374"]
[Annotator "RC"]
[PlyCount "154"]
[EventDate "2022.09.07"]
[EventType "team-tourn"]
[EventCountry "CHN"]
[SourceTitle "playchess.com"]
[Source "ChessBase"]
[SourceQuality "1"]
[TimeControl "1500+10"]

1. d4 Nf6 2. c4 e6 3. Nf3 d5 4. cxd5 exd5 5. Nc3 c6 6. Bf4 Bd6 7. Bxd6 Qxd6 8. Qc2 g6 9. e3 Bf5 10. Bd3 Bxd3 11. Qxd3 Nbd7 12. O-O O-O 13. Rab1 Rfe8 14. Qc2 a5 15. a3 Kg7 16. Rfc1 Rec8 17. Nd2 Ng4 18. g3 f5 19. b4 axb4 20. axb4 Ndf6 21. Nf1 h5 22. f3 Nh6 23. Na4 Qd8 24. Nc5 Qe7 25. b5 b6 26. Nd3 cxb5 27. Qxc8 Rxc8 28. Rxc8 Nf7 29. Rbc1 Ne8 30. Nf4 Ng5 31. Kf2 h4 32. R1c6 Kh7 33. gxh4 Nf7 34. Nxg6 Qb7 35. Nf8+ Kg8 36. Ne6 Nfd6 37. Nd8 Qe7 38. Ra8 f4 39. Rxb6 Qxh4+ 40. Ke2 fxe3 41. Nxe3 Qxd4 42. Rc6 Kh7 43. Nb7 Qb2+ 44. Rc2 Qe5 45. Nxd6 Nxd6 46. Rc7+ Kg6 47. Rg8+ Kf6 48. Kd3 Qa1 49. Ng4+ Kf5 50. Rf8+ Kg5 51. Rg8+ Kf4 52. Rf8+ Nf5 53. Rcf7 Qd1+ 54. Kc3 Qxf3+ 55. Kb4 Qxg4 56. Kxb5 d4 57. Kc4 Qe2+ 58. Kb3 Qd3+ 59. Kb2 Qb5+ 60. Kc2 d3+ 61. Kc3 Ke3 62. Rxf5 Qc6+ 63. Kb2 d2 64. Re5+ Kd4 65. Rd8+ Kxe5 66. Rxd2 Ke4 67. Rc2 Qb5+ 68. Kc3 Ke3 69. h3 Qd3+ 70. Kb2 Kd4 71. h4 Qb5+ 72. Kc1 Kd3 73. Rd2+ Ke3 74. Rc2 Qb4 75. h5 Kd3 76. Rc6 Qe1+ 77. Kb2 Qe5+ 0-1

[Event "Chinese League Div-A Rapid 2022"]
[Site "Fuling,Chongqing"]
[Date "2022.09.14"]
[Round "7.6"]
[White "Xue, Haowen"]
[Black "Wang, Hao B"]
[Result "1-0"]
[ECO "D38"]
[WhiteElo "2128"]
[BlackElo "2165"]
[Annotator "NA RC"]
[PlyCount "77"]
[EventDate "2022.09.07"]
[EventType "team-tourn"]
[EventCountry "CHN"]
[SourceTitle "playchess.com"]
[Source "ChessBase"]
[SourceQuality "1"]
[TimeControl "1500+10"]

1. d4 d5 2. c4 e6 3. Nf3 Nf6 4. Nc3 c6 5. Bg5 Nbd7 6. e3 Bb4 7. cxd5 exd5 8. Nd2 O-O 9. Bd3 h6 10. Bh4 Re8 11. O-O Qc7 12. Qc2 Bd6 13. Nf3 Ng4 14. Kh1 Qb8 15. Rae1 Ngf6 16. e4 dxe4 17. Nxe4 Nxe4 18. Bxe4 Nb6 19. Bh7+ Kf8 20. Rxe8+ Kxe8 21. Re1+ Kf8 22. Ne5 Be6 23. Ng6+ Ke8 24. Qf5 Kd7 25. Rxe6 fxe6 26. Qf7+ Kc8 27. Qxe6+ Kc7 28. Qf7+ Nd7 29. Qxg7 Qe8 30. Ne5 Rd8 31. Bxd8+ Kxd8 32. f4 Bxe5 33. dxe5 Qe6 34. h3 Kc7 35. Bg8 Qf5 36. e6 Qxf4 37. Qxd7+ Kb6 38. Qd8+ Ka6 39. Qd3+ 1-0